 Dungeon Crawl Stone Soup version 0.31.0-32-g396128a36d (webtiles) character file.

Game seed: 17302308142630924171

417 concernfroge the Fighter (level 6, -12/63 HPs)
             Began as a Minotaur Berserker on Apr 16, 2024.
             Was a Priest of Trog.
             Mangled by an ogre
             ... wielding a +0 giant spiked club
              (28 damage)
             ... on level 4 of the Dungeon.
             The game lasted 00:07:06 (2890 turns).

concernfroge the Fighter (Minotaur Berserker)       Turns: 2890, Time: 00:07:06

Health: -12/63     AC:  6    Str: 23    XL:     6   Next: 61%
Magic:  5/5        EV: 10    Int: 10    God:    Trog [***...]
Gold:   158        SH:  0    Dex: 10    Spells: 5/5 levels left

rFire   . . .        q - +0 halberd
rCold   . . .        (shield currently unavailable)
rNeg    . . .        u - +0 scale mail
rPois   .            (helmet restricted)
rElec   .            (no cloak)
rCorr   .            (no gloves)
SInv    .            (no boots)
Will    .....        f - amulet of the acrobat Stlth
                     l - +6 ring of intelligence
HPRegen 0.30/turn    s - ring of flight
MPRegen 0.09/turn

%: acrobat
@: on berserk cooldown, flying, slowed, very slow
A: horns 2, retaliatory headbutt
a: Renounce Religion, Berserk, Trog's Hand


You were on level 4 of the Dungeon.
You worshipped Trog.
Trog was most pleased with you.
You visited 1 branch of the dungeon, and saw 4 of its levels.

You collected 158 gold pieces.

Inventory:

Hand Weapons
 q - a +0 halberd (weapon)
 r - a +0 scythe
Armour
 u - a +0 scale mail (worn)
Jewellery
 f - an amulet of the acrobat (around neck)
 l - a +6 ring of intelligence (left hand)
 s - a ring of flight (right hand)
Wands
 b - a wand of mindburst (20)
Scrolls
 a - a scroll of noise {unknown}
 c - 3 scrolls of teleportation {unknown}
 d - 5 scrolls of identify
 i - 2 scrolls of vulnerability {unknown}
 j - 2 scrolls of enchant armour {unknown}
 k - a scroll of enchant weapon {unknown}
 o - a scroll of blinking {unknown}
 p - a scroll of revelation {unknown}
Potions
 e - a potion of curing
 g - 3 potions of haste {unknown}
 h - a potion of heal wounds {unknown}
 m - a potion of berserk rage {unknown}
 n - 3 potions of degeneration {unknown}
 t - a potion of invisibility {unknown}


   Skills:
 + Level 9.1 Fighting
 - Level 3.6 Polearms
 - Level 2.4 Armour
 - Level 2.1 Dodging


You had 5 spell levels left.
You didn't know any spells.
Your spell library was empty.

Dungeon Overview and Level Annotations

Branches:
Dungeon (4/15)
 Temple: D:4-7

Altars:
Elyvilon
Gozag
Vehumet
Yredelemnul

Annotations:
D:2 1 runed translucent door, exclusion: door, Crazy Yiuf


Innate Abilities, Weirdness & Mutations

You have a pair of horns on your head.
You reflexively headbutt those who attack you in melee.


Message History

You closely miss the black bear.
The black bear is almost dead.
The black bear bites you! The black bear misses you.
The black bear claws you but does no damage.
The black bear bites you! The black bear claws you. x2
You are too injured to fight recklessly!
A red film seems to cover your vision as you go berserk!
You feel yourself moving faster!
You feel mighty! The black bear bites you! The black bear claws you.
The black bear closely misses you.
You puncture the black bear!
You kill the black bear!
Trog accepts your kill.
Your Fighting skill increases to level 9!
There is an open door, spattered with blood here.
You slash the orc!
You kill the orc!
Trog accepts your kill.
Things that are here:
a +0 flail; an orc corpse You feel a strong urge to attack something.
There is an open door, spattered with blood here.
You slam the door shut with a bang!
You feel your anger nearly subside.
You are no longer berserk.
You are exhausted.
You feel yourself slow down.
You hear a shout! x2
You start resting.
An ogre comes into view. It is wielding a +0 giant spiked club.
An ogre is nearby!
An orc priest comes into view. It is wielding a +0 hand axe.
The orc priest casts a cantrip, but nothing happens.
There is an open door here.
The orc priest mumbles some strange prayers to Beogh against you.
Beogh smites you!
* * * LOW HITPOINT WARNING * * *
You reach down and close the door.
An ogre opens the door.
Okay, then.
You feel better.
The ogre hits you with a +0 giant spiked club!!
You die...

#.†....# #.# #
#......# #.# #
#......# #.########
#......# #.........
....# #......#
########## ...
#......# ... ###.####
...#####.# #.##...#@#
#.##...O.# #.##...###
#)##...#######.
######+###o.........
#..........#######...
#..........#
#!.........#
#..........#


You could see an ogre and an orc priest.

Vanquished Creatures
  Sigmund (D:3)
  A black bear (D:4)
  A bombardier beetle (D:4)
  Robin (D:3)
  4 gnolls (D:3)
  An orc (D:4)
  14 bats
  4 endoplasms
  11 goblins
  15 hobgoblins
  7 jackals
  4 quokkas
  4 ball pythons
  4 frilled lizards
  3 kobolds
  5 rats
80 creatures vanquished.

Notes
Turn   | Place    | Note
-------+----------+-------------------------------------------
     0 | D:1      | concernfroge the Minotaur Berserker began the quest for the
                  | Orb.
     0 | D:1      | Reached XP level 1. HP: 19/19 MP: 0/0
    39 | D:1      | Reached skill level 4 in Fighting
   125 | D:1      | Reached XP level 2. HP: 28/28 MP: 1/1
   514 | D:1      | Reached skill level 5 in Fighting
   917 | D:2      | Found an opulent altar of Gozag.
  1007 | D:2      | Reached XP level 3. HP: 33/36 MP: 2/2
  1025 | D:2      | Reached ** piety under Trog
  1556 | D:2      | Found a runed translucent door.
  1557 | D:2      | Noticed Crazy Yiuf
  1625 | D:3      | Reached skill level 6 in Fighting
  1625 | D:3      | Reached XP level 4. HP: 37/44 MP: 3/3
  1821 | D:3      | Noticed Sigmund
  1826 | D:3      | Killed Sigmund
  1827 | D:3      | Reached skill level 8 in Fighting
  1827 | D:3      | Reached XP level 5. HP: 43/53 MP: 4/4
  1943 | D:3      | Noticed Robin
  1957 | D:3      | Killed Robin
  1958 | D:3      | Reached XP level 6. HP: 61/61 MP: 5/5
  2135 | D:3      | Reached *** piety under Trog
  2150 | D:3      | Found a basalt altar of Yredelemnul.
  2150 | D:3      | Found a white marble altar of Elyvilon.
  2156 | D:3      | Found a radiant altar of Vehumet.
  2875 | D:4      | Reached skill level 9 in Fighting
  2890 | D:4      | Mangled by an ogre

Illustrated notes

Levels and vault maps discovered:
D:1:      amcnicky_arrival_underground_garden, layout_basic,
          roderic_roman_lattice, minmay_tetromino_s4
D:2:      layout_loops_ring, basic_altar,
          nicolae_concentric_dashed_squares_mild, minmay_between,
          uniq_crazy_yiuf_cottage
D:3:      layout_loops_ring, minitemple, corexii_leaking_fountain,
          serial_park_tiny_2, nicolae_eternal_life,
          nicolae_concentric_dashed_squares_wild, uniq_sigmund, uniq_robin
D:4:      layout_basic, zin_treasury, tgw_kikubaaqudgha,
          minmay_temple_entry_proselytizer

Skill      XL: |  1  2  3  4  5  6 |
---------------+-------------------+-----
Fighting       | 4 5 6 8 9 |  9.1
Polearms       | |  3.6
Armour         | |  2.4
Dodging        | |  2.1

Action                     |  1- 3 |  4- 6 || total
---------------------------+-------+-------++-------
  Melee: Spear             |   101 |     5 ||   106
         Headbutt          |     5 |     6 ||    11
         Halberd           |       |    79 ||    79
 Invoke: Berserk           |     1 |     2 ||     3
    Use: Potion            |       |     2 ||     2
         Scroll            |       |     1 ||     1
   Stab: Sleeping          |     2 |       ||     2
 Armour: Animal skin       |    22 |       ||    22
         Ring mail         |    14 |    27 ||    41
         Scale mail        |       |    14 ||    14
  Dodge: Dodged            |    54 |    36 ||    90
